Map: SALT Ohana

Players

Rorshek

  • Race: Protoss Protoss
  • League: Silver

Player 2

  • Race: Terran Terran

Player 13

  • Race: Terran Terran

VOD

Have the link to the VOD?

Description

Time

  • Played on: March 19, 2019, 9:03 p.m.
  • Length: 6:26
Show
View Real Time Build Order
Export as new Build Order

Rorshek Protoss 

Build Orders: 1 Gate Expand 

Get SALT Encoding   

    0:00  Probe x12  
    0:07  Probe, Unknown  
  13  0:19  Probe  
  14  0:25  Pylon  
  14  0:31  Probe  
  15  0:41  Probe  
  15  0:43  Gateway  
  16  0:51  Probe  
  16  0:52  Assimilator  
  17  1:02  Probe  
  18  1:14  Probe  
  19  1:26  Probe  
  20  1:39  Nexus  
  20  1:47  Cybernetics Core  
  20  1:50  Probe  
  21  1:56  Assimilator  
  21  2:02  Probe  
  21  2:07  Pylon  
  22  2:14  Probe, Warp Gate  
  23  2:15  Stalker  
  25  2:34  Robotics Facility  
  25  2:35  Probe  
  26  2:46  Gateway  
  26  2:54  Stalker  
  28  2:58  Probe  
  28  2:59  Probe  
  30  3:12  Gateway  
  30  3:14  Probe  
  30  3:15  Probe  
  32  3:21  Observer  
  32  3:25  Pylon  
  32  3:26  Probe  
  34  3:28  Probe  
  35  3:38  Probe  
  35  3:40  Probe  
  37  3:44  Observer  
  38  3:52  Probe  
  38  3:55  Shield Battery  
  39  3:58  Shield Battery  
  39  4:02  Probe  
  40  4:03  Probe  
  40  4:05  Assimilator  
  40  4:06  Assimilator  
  41  4:10  Probe, Pylon  
  41  4:11  Probe  
  43  4:19  Sentry  
  43  4:20  Zealot  
  43  4:23  Sentry  
  51  6:13  Probe x2  
Show
View Real Time Build Order
Export as new Build Order

Player 2 Terran 

Build Orders: Command Center First (CC) 

Get SALT Encoding   

    0:00  SCV x12  
    0:07  Unknown, SCV  
  13  0:19  SCV  
  14  0:32  SCV  
  15  0:38  Supply Depot  
  15  1:00  SCV  
  16  1:07  Command Center  
  16  1:12  SCV  
  17  1:20  Refinery  
  17  1:24  SCV  
  18  1:33  Barracks  
  18  1:36  SCV  
  19  1:44  Supply Depot  
  19  1:48  SCV  
  20  2:20  SCV, Barracks  
  21  2:23  Factory, Marine  
  21  2:28  SCV  
  23  2:38  Supply Depot  
  23  2:39  SCV  
  23  2:41  Marine  
  25  2:50  SCV  
  26  2:57  Refinery  
  26  2:58  Marine  
  27  3:06  Marine, SCV  
  27  3:08  Factory Tech Lab  
  29  3:16  Marine, SCV  
  29  3:19  SCV  
  32  3:24  Marine  
  33  3:30  SCV  
  33  3:33  SCV  
  35  3:34  Marine  
  36  3:41  Marine  
  36  3:45  SCV, Barracks  
  38  3:48  SCV  
  38  3:52  Marine  
  40  3:58  SCV  
  40  4:00  Barracks Tech Lab, SCV  
  42  4:07  Supply Depot  
  42  4:10  Barracks Tech Lab, SCV  
  42  4:12  SCV  
Show
View Real Time Build Order
Export as new Build Order

Player 13 Terran 

Build Orders:  

Get SALT Encoding   

Tags
 
Add a new tag
Caveats
  • Supply blocks, unpowered buildings, or Contaminate may cause inaccurate times.
  • Supply counts are checked every 10 seconds.